 Dungeon Crawl Stone Soup version 0.29.0-15-g675c0067aa (webtiles) character file.

Game seed: 8229971703045649241

149 Tsarbomb the Slasher (level 5, -1/41 HPs)
             Began as a Merfolk Monk on Sept 11, 2022.
             Slain by a black bear (3 damage)
             ... on level 4 of the Dungeon.
             The game lasted 00:08:44 (3491 turns).

Tsarbomb the Slasher (Merfolk Monk)                 Turns: 3491, Time: 00:08:44

Health: -1/41      AC:  6    Str: 13    XL:     5   Next: 31%
Magic:  5/5        EV: 16    Int:  9    God:
Gold:   149        SH:  0    Dex: 17    Spells: 4/4 levels left

rFire   . . .      SeeInvis .   i - +3 whip (pain)
rCold   . . .      Faith    .   (no shield)
rNeg    . . .      Spirit   .   k - +0 ring mail
rPois   .          Reflect  .   m - +0 helmet
rElec   .          Harm     .   (no cloak)
rCorr   .          Rampage  .   (no gloves)
Will    .....                   (no boots)
Stlth   ++........              (no amulet)
HPRegen 0.13/turn               d - +4 ring of evasion
MPRegen 0.09/turn               (no ring)

@: no status effects
A: (nimble swimmer 2), mertail
a: no special abilities


You were on level 4 of the Dungeon.
You visited 1 branch of the dungeon, and saw 5 of its levels.

You collected 149 gold pieces.

Inventory:

Hand Weapons
 a - a +0 falchion
 i - a +3 whip of pain (weapon)
Missiles
 f - 3 datura-tipped darts (quivered)
 u - 4 poisoned darts
Armour
 b - a +0 robe
 k - a +0 ring mail (worn)
 m - a +0 helmet (worn)
 t - a +0 chain mail
Magical Staves
 n - a staff of poison
Jewellery
 d - a +4 ring of evasion (left hand)
 q - a ring of see invisible
Wands
 x - a wand of mindburst (22)
Scrolls
 g - 4 scrolls of identify {unknown}
 h - 2 scrolls of amnesia {unknown}
 o - 2 scrolls of noise {unknown}
 p - a scroll of butterflies {unknown}
 y - a scroll of brand weapon {unknown}
Potions
 c - a potion of ambrosia
 e - a potion of brilliance {unknown}
 j - a potion of berserk rage {unknown}
 l - a potion of degeneration {unknown}
 r - a potion of might
 s - a potion of attraction {unknown}
 v - a potion of haste {unknown}
 w - a potion of heal wounds {unknown}


   Skills:
 - Level 3.2 Fighting
 - Level 4.9 Long Blades
 + Level 3.2 Maces & Flails
 - Level 4.0 Dodging
 - Level 2.1 Stealth


You had 4 spell levels left.
You didn't know any spells.
Your spell library contained the following spells:

 Spells                   Type           Power      Damage    Failure   Level
 Beastly Appendage        Tmut           0%         N/A       65%         1
 Shock                    Conj/Air       0%         1d3       65%         1
 Wereblood                Tmut           0%         N/A       80%         2
 Spider Form              Tmut/Pois      0%         N/A       95%         3
 Freezing Cloud           Conj/Ice/Air   0%         6-21      100%        5
 Simulacrum               Ice/Necr       0%         N/A       100%        6
 Polar Vortex             Ice            0%         N/A       100%        9


Dungeon Overview and Level Annotations

Branches:
Dungeon (5/15)
 Temple: D:4-7

Altars:
Cheibriados
Qazlal
Trog

Shops:
D:5 *

Annotations:
D:3 exclusion: downstairs


Innate Abilities, Weirdness & Mutations

((You are very nimble when in or above water. (Stealth+, EV+, Speed+++)))
Your lower body shifts to a powerful aquatic tail in water.


Message History

The gnoll sergeant shouts!
You see here a hound corpse.
The gnoll sergeant misses you.
The gnoll sergeant completely misses you.
You hit the gnoll sergeant but do no damage.
The gnoll sergeant barely misses you.
You hit the gnoll sergeant.
The gnoll sergeant is lightly wounded.
The gnoll sergeant hits you with a +2 trident of venom!
You are poisoned.
You closely miss the gnoll sergeant.
The gnoll sergeant is lightly wounded.
You feel very sick. The gnoll sergeant closely misses you.
You hit the gnoll sergeant but do no damage.
The gnoll sergeant is lightly wounded.
You feel sick.
The gnoll sergeant hits you with a +2 trident of venom.
You barely miss the gnoll sergeant.
The gnoll sergeant is lightly wounded.
You feel sick.
The gnoll sergeant hits you with a +2 trident of venom!
You feel sick. The gnoll sergeant misses you.
You feel sick.
You feel sick.
You feel sick.
You feel sick.
You feel sick.
You are no longer poisoned.
There is a stone staircase leading up here.
The gnoll sergeant completely misses you.
You climb upwards.
The black bear bites you.
* * * LOW HITPOINT WARNING * * *
The black bear completely misses you. The black bear barely misses you.
The black bear bites you!
* * * LOW HITPOINT WARNING * * *
The black bear closely misses you. The black bear barely misses you.
There is a stone staircase leading down here.
The black bear bites you.
You die...

######### #.......#
#.......# #.......#
#.......#
##.......#######
####...............
######h...##########'###
.......@..# #...........
######....# #.####......
#....###.#.<#......
#...5.##.#.........
#.....##.######+###
#......#........
######..######## 8
##.### # ######...#### #


You could see a black bear and a lemure.

Vanquished Creatures
  A hound (D:5)
  4 gnolls (D:5)
  An adder (D:3)
  A white imp (D:5)
  2 dart slugs
  An orc (D:3)
  3 bats
  6 endoplasms
  5 giant cockroaches
  4 goblins
  4 hobgoblins
  8 jackals
  2 quokkas (D:2)
  4 ball pythons
  4 frilled lizards
  2 kobolds
  4 rats (D:1)
56 creatures vanquished.

Vanquished Creatures (others)
  A wizard (D:3)
  2 plants (D:1)
3 creatures vanquished.

Grand Total: 59 creatures vanquished

Notes
Turn   | Place    | Note
-------+----------+-------------------------------------------
     0 | D:1      | Tsarbomb the Merfolk Monk began the quest for the Orb.
     0 | D:1      | Reached XP level 1. HP: 18/18 MP: 1/1
   477 | D:1      | Reached XP level 2. HP: 24/24 MP: 2/2
  1222 | D:2      | Reached XP level 3. HP: 25/29 MP: 3/3
  1754 | D:2      | Found a stormy altar of Qazlal.
  1795 | D:2      | Reached skill level 1 in Maces & Flails
  2266 | D:3      | Found a snail-covered altar of Cheibriados.
  2380 | D:3      | Found a faded altar of an unknown god.
  2388 | D:3      | Got Plato's Codex of the Fifth Circle
  2649 | D:3      | Reached XP level 4. HP: 33/35 MP: 4/4
  2708 | D:3      | Found a bloodstained altar of Trog.
  2709 | D:3      | Noticed a wizard
  2715 | D:3      | Killed a wizard
  2813 | D:4      | Noticed a black bear
  2921 | D:4      | Noticed a lemure
  2962 | D:5      | Entered Level 5 of the Dungeon
  3373 | D:5      | Found Wofapeo's General Store.
  3399 | D:5      | Reached XP level 5. HP: 41/41 MP: 5/5
  3490 | D:4      | HP: 2/41 [black bear (7)]
  3491 | D:4      | Slain by a black bear

Illustrated notes

Levels and vault maps discovered:
D:1:      lemuel_arrival_room, layout_loops_ring, serial_forest,
          infiniplex_forest_corner_1, infiniplex_forest_clump_double,
          infiniplex_forest_clump_diagonal, infiniplex_forest_clump_C,
          infiniplex_forest_straight_3, infiniplex_forest_straight_2,
          infiniplex_forest_clump_curved, reono_crystal_passage
D:2:      layout_loops_ring, basic_altar, minmay_misc_feat_plants
D:3:      layout_rooms, mainiacjoe_overflow_brackets, trog_wizard,
          shapermc_ecumenical_altar_rom_forum
D:4:      layout_basic, makhleb_heckhound_becter, dk_noncrumbling_2, uniq_pikel
D:5:      layout_cave_pools, grunt_qazlal_clouds, serial_gnoll_camp,
          gnoll_camp_mini_sergeant, gnoll_camp_mini_hut, gnoll_camp_mini_house,
          gnoll_camp_huts_basic, gnoll_camp_mini_basic, serial_shops, shop

Skill      XL: |  1  2  3  4 |
---------------+-------------+-----
Long Blades    | 4 |  4.9
Maces & Flails | 1 3 |  3.2
Fighting       | |  3.2
Dodging        | |  4.0
Stealth        | |  2.1

Action                   |  1- 3 |  4- 6 || total
-------------------------+-------+-------++-------
Melee: Falchion          |    74 |       ||    74
       Whip              |    75 |    62 ||   137
       Punch             |     1 |     1 ||     2
  Use: Potion            |       |     1 ||     1
 Stab: Sleeping          |     1 |     1 ||     2
Armor: Robe              |     7 |       ||     7
       Ring mail         |    18 |    11 ||    29
Dodge: Dodged            |   140 |    67 ||   207
